 Dungeon Crawl Stone Soup version 0.20.0-15-g7f486f2 (webtiles) character file.

102 dvd the Bolt Thrower (level 4, 0/39 HPs)
             Began as a Deep Dwarf Hunter on June 23, 2017.
             Slain by Sigmund
             ... wielding a +2 scythe of protection
              (12 damage)
             ... on level 2 of the Dungeon.
             The game lasted 00:05:31 (1694 turns).

dvd the Bolt Thrower (Deep Dwarf Hunter)            Turns: 1694, Time: 00:05:32

Health: 0/39       AC:  5    Str: 20    XL:     4   Next: 50%
Magic:  4/4        EV: 12    Int: 17    God:
Gold:   98         SH:  0    Dex: 14    Spells: 3/3 levels left

rFire    + . .     SeeInvis .   b - +0 hand axe
rCold    + . .     Gourm    .   (no shield)
rNeg     . . .     Faith    .   i - +0 ring mail
rPois    +         Spirit   .   (no helmet)
rElec    +         Reflect  .   (no cloak)
rCorr    +         Harm     .   (no gloves)
MR       .....                  (no boots)
Stlth    +.........             (no amulet)
Regen    0.0/turn               (no ring)
MPRegen  0.1/turn               (no ring)

@: mighty, brilliant, resistant, non-regenerating
A: damage resistance, heal wounds, sense surroundings 1, no regeneration
a: Heal Wounds


You were on level 2 of the Dungeon.
You were not hungry.

You visited 1 branch of the dungeon, and saw 2 of its levels.

You collected 98 gold pieces.

Inventory:

Hand Weapons
 a - a +1 hand crossbow
 b - a +0 hand axe (weapon)
 k - a +0 whip
Missiles
 d - a bolt
Armour
 c - a +0 leather armour
 i - a +0 ring mail (worn)
Scrolls
 h - a scroll of remove curse {unknown}
 l - 2 scrolls of teleportation {unknown}
 n - a scroll of magic mapping {unknown}
 p - a scroll of recharging {unknown}
 r - 3 scrolls of identify {unknown}
 t - a scroll of fog {unknown}
Comestibles
 f - 4 bread rations
 j - a meat ration
 o - a royal jelly


   Skills:
 + Level 2.2 Fighting
 + Level 1.6(1.7) Axes
 + Level 0.2(1.0) Maces & Flails
 + Level 5.5 Crossbows
 + Level 1.0 Armour
 + Level 2.6 Dodging
 + Level 1.2 Stealth


You had 3 spell levels left.
You didn't know any spells.

Dungeon Overview and Level Annotations

Branches:
Dungeon (2/15)

Altars:
Fedhas
Qazlal

Annotations:
D:2 Sigmund


Innate Abilities, Weirdness & Mutations

You are resistant to damage.
You can heal yourself by infusing magical energy.
You passively map a small area around you.
You do not regenerate.


Message History

Unknown command.
Something hits you!
You barely miss something. You closely miss something. Something hits you.
You miss something. Something hits you but does no damage.
You closely miss something. Something barely misses you.
You bump into the rock wall.
Something hits you!
It was a potion of resistance.
You feel protected.
It was a potion of might.
You feel very mighty all of a sudden. Something hits you!
* * * LOW HITPOINT WARNING * * *
You feel much better. Something barely misses you.
It was a potion of brilliance.
You feel clever all of a sudden.
You feel less confused.
You barely miss something. Something hits you!
You closely miss something. Something hits you but does no damage.
You barely miss something. Something hits you!
You die...

##########.#
#.#...
#..........#
#.#..>
#.##########
#.#### #.# ,
, #.#### #.#
* #.....
#.### * *
######
#...#, , ,
###.# , #@#
* * #{# **
#* ** #.#
.., ,
#.####.###*
* #.#....(.(
#(...# *
###### * *
,* * ,


There were no monsters in sight!

Vanquished Creatures
  Jessica (D:2)
  3 adders (D:2)
  A worm (D:2)
  A dart slug (D:1)
  A leopard gecko (D:2)
  A bat (D:1)
  4 giant cockroaches
  5 hobgoblins
  7 kobolds
  3 frilled lizards
  7 goblins
  9 rats
43 creatures vanquished.

Notes
Turn   | Place    | Note
-------+----------+-------------------------------------------
     0 | D:1      | dvd the Deep Dwarf Hunter began the quest for the Orb.
     0 | D:1      | Reached XP level 1. HP: 19/19 MP: 1/1
   203 | D:1      | Reached XP level 2. HP: 24/26 MP: 2/2
   648 | D:1      | Reached skill level 5 in Crossbows
   949 | D:2      | Reached XP level 3. HP: 27/32 MP: 3/3
   969 | D:2      | Found a stormy altar of Qazlal.
  1189 | D:2      | Found a blossoming altar of Fedhas.
  1306 | D:2      | Noticed Jessica
  1307 | D:2      | Reached skill level 1 in Axes
  1307 | D:2      | Reached XP level 4. HP: 27/39 MP: 4/4
  1317 | D:2      | Killed Jessica
  1317 | D:2      | Reached skill level 1 in Armour
  1665 | D:2      | Noticed Sigmund
  1694 | D:2      | Slain by Sigmund

Skill      XL: |  1  2  3  4 |
---------------+-------------+-----
Crossbows      | 5 |  5.5
Fighting       | 2 |  2.2
Axes           | 1 |  1.6
Armour         | 1 |  1.0
Maces & Flails | |  0.2
Dodging        | |  2.6
Stealth        | |  1.2

Action                   |  1- 3 |  4- 6 || total
-------------------------+-------+-------++-------
Melee: Hand axe          |    42 |    13 ||    55
       Whip              |     4 |       ||     4
 Fire: Hand crossbow     |    71 |    20 ||    91
  Use: Potion            |       |     5 ||     5
  Eat: Chunk             |     1 |     1 ||     2
Armor: Ring mail         |    23 |     1 ||    24
       Leather armour    |     1 |       ||     1
Dodge: Dodged            |    30 |     6 ||    36
